 Dungeon Crawl Stone Soup version 0.25-a0-346-g140ab78 (webtiles) character file.

Game seed: 14805800731824840830, levelgen mode: deterministic

750454 Birdy the Imperceptible (level 27, -3/156 HPs)
             Began as a Vine Stalker Gladiator on Dec 29, 2019.
             Was a High Priest of Wu Jian.
             Killed from afar by an orb of fire (12 damage)
             ... with a fireball
             ... on level 26 of a ziggurat on Jan 1, 2020.
             The game lasted 07:42:37 (52270 turns).

Birdy the Imperceptible (Vine Stalker Gladiator)   Turns: 52270, Time: 07:42:37

Health: -3/156     AC:  8    Str: 27    XL:     27
Magic:  0/54       EV: 38    Int: 17    God:    Wu Jian [*****.]
Gold:   6234       SH: 15    Dex: 50    Spells: 31/60 levels left

rFire    + + .     SeeInvis +   a - +9 broad axe (chop)
rCold    + + +     Gourm    .   Q - +3 warlock's mirror {reflect}
rNeg     + + +     Faith    .   s - +2 robe of Vines {NoPotionHeal Regen+7}
rPois    +         Spirit   +   R - -2 hat of the Alchemist {rElec rPois rF+ rC+ rN+ MR+ rMut rCorr}
rElec    +         Reflect  +   y - scarf {cloud immunity}
rCorr    +         Harm     .   V - +0 pair of fencer's gloves {Riposte Dex+3}
rMut     +                      W - +1 pair of boots "Eqoffucw" {+Fly MP+9 Dex+7}
MR       +++++                  t - amulet "Ceoja" {RegenMP MR+ Dex+4}
Stlth    +++++.....             J - ring "Ucol" {+Blink rC+ rN+ Int+4 Dex+4}
HPRegen  3.96/turn              u - ring of the Blue Skies {rC+ rN+ Str+7 Dex+4}
MPRegen  0.59/turn

@: brilliant, death channel, resistant, glowing, studying 5 skills, deflect
missiles, heavenly storm
A: fangs 3, camouflage 1, see invisible, agile 1, regeneration 2, evolution 1,
magic shield, antimagic bite, no potion heal 3, rot immunity
}: 3/15 runes: decaying, serpentine, silver
a: Wall Jump, Serpent's Lash, Heavenly Storm, Renounce Religion, Evoke Blink,
Evoke Flight


You were on level 26 of a ziggurat.
You worshipped Wu Jian.
Wu Jian was extremely pleased with you.
You were hungry.

You visited 9 branches of the dungeon, and saw 45 of its levels.
You visited the Abyss 1 time.
You visited 1 ziggurat, and saw 26 of its levels.
You also visited: Trove, Gauntlet, Ice Cave and Volcano.

You collected 8518 gold pieces.
You spent 2284 gold pieces at shops.

Inventory:

Hand Weapons
 a - a +9 broad axe of chopping (weapon)
 b - a +4 broad axe of freezing
Armour
 s - the +2 robe of Vines (worn) {NoPotionHeal Regen+7}
   (You found it on level 17 of a ziggurat)

   It increases your rate of regeneration.
 y - a scarf of cloud immunity (worn)
 A - the +2 cloak of the Thief {+Fog Slay-2 SInv Stlth+}
   (You found it on level 22 of a ziggurat)

   It affects your accuracy and damage with ranged weapons and melee attacks
   (-2).
   It lets you see invisible.
   It makes you more stealthy.
 Q - the +3 warlock's mirror (worn) {reflect}
   (You found it on level 5 of the Vaults)
 R - the -2 hat of the Alchemist (worn) {rElec rPois rF+ rC+ rN+ MR+ rMut rCorr}
   (You found it on level 1 of the Elven Halls)

   It protects you from fire.
   It protects you from cold.
   It insulates you from electricity.
   It protects you from poison.
   It protects you from negative energy.
   It affects your resistance to hostile enchantments.
   It provides partial protection from all sources of acid and corrosion.
   It protects you from mutation.
 V - the +0 pair of fencer's gloves (worn) {Riposte Dex+3}
   (You found it in a treasure trove)

   It affects your dexterity (+3).
 W - the +1 pair of boots "Eqoffucw" (worn) {+Fly MP+9 Dex+7}
   (You found it in a treasure trove)

   It affects your dexterity (+7).
   It affects your magic capacity (+9).
   It lets you fly.
Jewellery
 e - the ring of Oenomania {rElec rN+++ MR+ Dex+2 Stlth-}
   (You took it off a deep elf annihilator on level 3 of the Elven Halls)

   [ring of protection from magic]

   It affects your dexterity (+2).
   It insulates you from electricity.
   It renders you almost immune to negative energy.
   It affects your resistance to hostile enchantments.
   It makes you less stealthy.
 i - the ring of Zoddosiru {rF- rC+ rN+ MP+9 Dex+4}
   (You found it on level 8 of a ziggurat)

   [ring of magical power]

   It affects your dexterity (+4).
   It makes you vulnerable to fire.
   It protects you from cold.
   It protects you from negative energy.
   It affects your magic capacity (+9).
 t - the amulet "Ceoja" (around neck) {RegenMP MR+ Dex+4}
   (You found it on level 14 of the Dungeon)

   [amulet of magic regeneration]

   It increases your magic regeneration.
   It affects your dexterity (+4).
   It affects your resistance to hostile enchantments.
 u - the ring of the Blue Skies (right hand) {rC+ rN+ Str+7 Dex+4}
   (You found it on level 13 of the Dungeon)

   [ring of protection from cold]

   It affects your strength (+7).
   It affects your dexterity (+4).
   It protects you from cold.
   It protects you from negative energy.
 J - the ring "Ucol" (left hand) {+Blink rC+ rN+ Int+4 Dex+4}
   (You found it on level 10 of a ziggurat)

   [ring of positive energy]

   It affects your intelligence (+4).
   It affects your dexterity (+4).
   It protects you from cold.
   It protects you from negative energy.
   It lets you blink.
Wands
 q - a wand of digging (7)
Scrolls
 c - 7 scrolls of fog
 h - 12 scrolls of amnesia
 j - 7 scrolls of enchant armour
 m - 11 scrolls of enchant weapon
 n - 36 scrolls of teleportation
 v - 8 scrolls of magic mapping
 D - 4 scrolls of brand weapon
 K - 6 scrolls of fear
 M - a scroll of silence
 S - 17 scrolls of remove curse
Potions
 o - 7 potions of berserk rage
 x - 19 potions of curing
 C - 4 potions of brilliance
 G - a potion of ambrosia
 I - 15 potions of mutation
 T - 10 potions of flight
 X - a potion of invisibility
 Z - a potion of cancellation
Books
 d - a manual of Short Blades
 g - a manual of Polearms
 B - a manual of Stealth
 L - a manual of Staves
 O - a manual of Long Blades
 Y - a manual of Long Blades
Miscellaneous
 z - 5 phantom mirrors
Comestibles
 f - 62 rations
 l - 2 chunks of flesh


   Skills:
 + Level 20.0 Fighting
 * Level 21.9(22.3) Axes
 - Level 7.7(17.4) Polearms
 - Level 10.6(11.6) Staves
 - Level 1.7 Throwing
 + Level 16.6 Armour
 + Level 18.0 Dodging
 + Level 23.2 Stealth
 + Level 12.8 Shields
 + Level 17.3 Spellcasting
 - Level 14.1 Charms
 - Level 16.3 Necromancy


You had 31 spell levels left.
You knew the following spells:

 Your Spells              Type           Power        Failure   Level  Hunger
a - Animate Dead          Necr           N/A          1%          4    None
b - Death Channel         Necr           ######....   1%          6    #####..
c - Regeneration          Chrm/Necr      ######....   0%          3    None
d - Recall                Summ/Tloc      N/A          1%          3    None
e - Excruciating Wounds   Chrm/Necr      ######....   1%          5    ###....
f - Deflect Missiles      Chrm/Air       #####.....   4%          6    #####..
g - Swiftness             Chrm/Air       #####...     1%          2    None

Your spell library contained the following spells:

 Spells                   Type           Power        Failure   Level  Hunger
 Animate Skeleton         Necr           N/A          0%          1    None
 Infusion                 Chrm           ####         0%          1    None
 Pain                     Necr           ####         0%          1    None
 Song of Slaying          Chrm           ######..     0%          2    None
 Sublimation of Blood     Necr           ######....   0%          2    None
 Vampiric Draining        Necr           ######....   0%          3    None
 Apportation              Tloc           ###...       1%          1    None
 Beastly Appendage        Tmut           ###...       1%          1    None
 Confusing Touch          Hex            ###...       1%          1    None
 Corona                   Hex            ###....      1%          1    None
 Foxfire                  Conj/Fire      ###.         1%          1    None
 Freeze                   Ice            ###.         1%          1    None
 Magic Dart               Conj           ###.         1%          1    None
 Sandblast                Erth           ###...       1%          1    None
 Shock                    Conj/Air       ###.         1%          1    None
 Sting                    Tmut/Pois      ###.         1%          1    None
 Summon Butterflies       Summ           ###.....     1%          1    None
 Summon Small Mammal      Summ           ###.         1%          1    None
 Blink                    Tloc           N/A          1%          2    None
 Call Imp                 Summ           ###.....     1%          2    None
 Corpse Rot               Necr/Air       N/A          1%          2    None
 Ensorcelled Hibernation  Hex/Ice        ###...       1%          2    None
 Passwall                 Tmut/Erth      ###.....     1%          2    None
 Poisonous Vapours        Pois/Air       ###...       1%          2    None
 Searing Ray              Conj           ###...       1%          2    None
 Shroud of Golubria       Chrm/Tloc      #####.       1%          2    None
 Slow                     Hex            ###.....     1%          2    None
 Sticks to Snakes         Tmut           ###.....     1%          2    None
 Call Canine Familiar     Summ           ###.....     1%          3    None
 Confuse                  Hex            ###.....     1%          3    None
 Conjure Flame            Conj/Fire      ###.....     1%          3    None
 Dazzling Flash           Conj/Hex       ###...       1%          3    None
 Gell's Gravitas          Tloc           ###.......   1%          3    None
 Ignite Poison            Fire/Tmut/Pois ###.....     1%          3    None
 Inner Flame              Hex/Fire       ###.....     1%          3    None
 Lesser Beckoning         Tloc           ###.......   1%          3    None
 Mephitic Cloud           Conj/Pois/Air  ###.....     1%          3    None
 Ozocubu's Armour         Chrm/Ice       #####...     1%          3    None
 Portal Projectile        Hex/Tloc       ###...       1%          3    None
 Spectral Weapon          Hex/Chrm       #####...     1%          3    None
 Spider Form              Tmut/Pois      ###.......   1%          3    None
 Static Discharge         Conj/Air       ###.....     1%          3    None
 Stone Arrow              Conj/Erth      ###...       1%          3    None
 Summon Guardian Golem    Hex/Summ       ###.....     1%          3    None
 Teleport Other           Tloc           ###.....     1%          3    None
 Tukima's Dance           Hex            ###.....     1%          3    None
 Agony                    Necr           ######..     1%          5    ###....
 Borgnjor's Vile Clutch   Necr/Erth      ######....   1%          5    ###....
 Dispel Undead            Necr           ######..     1%          5    ###....
 Iskenderun's Battlesphe  Conj/Chrm      #####...     1%          5    ###....
 Simulacrum               Ice/Necr       ######....   2%          6    #####..
 Airstrike                Air            ###.......   4%          4    None
 Cause Fear               Hex            ###.......   4%          4    None
 Fulminant Prism          Conj/Hex       ###.......   4%          4    None
 Hailstorm                Conj/Ice       ###.....     4%          4    None
 Ice Form                 Ice/Tmut       ###.....     4%          4    None
 Iskenderun's Mystic Bla  Conj/Tloc      ###.....     4%          4    None
 Leda's Liquefaction      Hex/Erth       ###.......   4%          4    None
 Olgreb's Toxic Radiance  Pois           ###.....     4%          4    None
 Passage of Golubria      Tloc           N/A          4%          4    None
 Petrify                  Tmut/Erth      ###.....     4%          4    None
 Sticky Flame             Conj/Fire      ###.....     4%          4    None
 Summon Ice Beast         Ice/Summ       ###.....     4%          4    None
 Summon Lightning Spire   Summ/Air       ###.....     4%          4    None
 Alistair's Intoxication  Tmut/Pois      ###.....     12%         5    ###....
 Aura of Abjuration       Summ           ###.......   12%         5    ###....
 Blade Hands              Tmut           ###.......   12%         5    ###....
 Bolt of Magma            Conj/Fire/Erth ###.......   12%         5    ###....
 Fireball                 Conj/Fire      ###.......   12%         5    ###....
 Irradiate                Conj/Tmut      ###.......   12%         5    ###....
 Lee's Rapid Deconstruct  Erth           ###.......   12%         5    ###....
 Lightning Bolt           Conj/Air       ###.......   12%         5    ###....
 Metabolic Englaciation   Hex/Ice        ###.......   12%         5    ###....
 Silence                  Hex/Air        ###.......   12%         5    ###....
 Summon Demon             Summ           ###.......   12%         5    ###....
 Summon Forest            Summ/Tloc      ###.......   12%         5    ###....
 Summon Mana Viper        Hex/Summ       ###.....     12%         5    ###....
 Yara's Violent Unravell  Hex/Tmut       ###.......   12%         5    ###....
 Ring of Flames           Chrm/Fire      #####.....   19%         7    ######.
 Darkness                 Hex            ###.......   47%         6    #####..
 Eringya's Noxious Bog    Tmut/Pois      ###.......   47%         6    #####..
 Freezing Cloud           Conj/Ice/Air   ###.......   47%         6    #####..
 Hydra Form               Tmut           ###.......   47%         6    #####..
 Invisibility             Hex            ###.....     47%         6    #####..
 Iron Shot                Conj/Erth      ###.......   47%         6    #####..
 Ozocubu's Refrigeration  Ice            ###.......   47%         6    #####..
 Shadow Creatures         Summ           N/A          47%         6    #####..
 Starburst                Conj/Fire      ###.......   47%         6    #####..
 Statue Form              Tmut/Erth      ###......    47%         6    #####..
 Dragon Form              Tmut           ###.......   92%         7    ######.
 Malign Gateway           Summ/Tloc      ###.......   92%         7    ######.
 Orb of Destruction       Conj           ###.......   92%         7    ######.
 Spellforged Servitor     Conj/Summ      ###.......   92%         7    ######.
 Summon Hydra             Summ           ###.......   92%         7    ######.
 Chain Lightning          Conj/Air       ###.......   100%        8    #######
 Controlled Blink         Tloc           N/A          100%        8    #######
 Discord                  Hex            ###.......   100%        8    #######
 Ignition                 Fire           ###.......   100%        8    #######
 Lehudib's Crystal Spear  Conj/Erth      ###.......   100%        8    #######
 Fire Storm               Conj/Fire      ###.......   100%        9    #######
 Glaciate                 Conj/Ice       ###.......   100%        9    #######
 Shatter                  Erth           ###.......   100%        9    #######
 Tornado                  Air            ###.......   100%        9    #######


Dungeon Overview and Level Annotations

Branches:
Dungeon (15/15)            Temple (1/1) D:6            Lair (6/6) D:8
  Swamp (4/4) Lair:4        Snake (4/4) Lair:4        Slime (0/5) Lair:5
    Orc (2/2) D:10            Elf (3/3) Orc:2        Vaults (5/5) D:14
  Crypt (0/3) Vaults:3     Depths (5/5) D:15            Zot (0/5) Depths:5
  IceCv (visited)         Volcano (visited)         Gauntlet (visited)

Altars:
Ashenzari
Cheibriados
Dithmenos
Elyvilon
Fedhas
Kikubaaqudgha
Makhleb
Nemelex Xobeh
Okawaru
Qazlal
Ru
Sif Muna
Trog
Uskayaw
Vehumet
Wu Jian
Xom
Yredelemnul
Beogh
Jiyva

Shops:
D:8 %   D:11 }   Orc:2 [*[*   Elf:1 ?   Snake:2 (   Vaults:1 ?   Vaults:3 (
Vaults:4 =[?   Depths:3 =}==!}

Portals:
Hell: Depths:1 Depths:2 Depths:3 Depths:4 Depths:5
Abyss: Depths:4 Depths:5
Pandemonium: Depths:1 Depths:3 Depths:5

Annotations:
D:10 2 transporters, zbzbzb's ghost, journeyman OpTm
D:14 exclusion: obsidian statue
Vaults:3 Mennas


Innate Abilities, Weirdness & Mutations

You have razor-sharp teeth.
You heal very quickly.
When hurt, damage is shared between your health and your magic reserves.
Your bite disrupts and absorbs the magic of your enemies.
Potions cannot restore your health.
You are immune to rotting.
Your skin changes colour to match your surroundings (Stealth+).
You have supernaturally acute eyesight. (SInv)
You are agile. (Dex +2)
You evolve.


Message History

The fire crab is heavily wounded.
You spin and attack the fire elemental.
You slice the fire elemental!!
You destroy the fire elemental!
The Council accepts your kill.
You spin and attack the fire crab.
You slice the fire crab!!
You kill the fire crab!
The Council accepts your kill.
A glowing mist starts to gather...
You feel less exhausted. The balrug gestures at you.
Your +3 warlock's mirror {reflect} reflects the sticky flame!
The sticky flame hits the balrug.
The balrug completely resists.
The balrug is covered in liquid flames!
The orb of fire glows deep purple.
The fireball explodes!
The fireball engulfs the orb of fire.
The orb of fire completely resists.
The fireball engulfs the orb of fire.
The orb of fire completely resists.
The fireball engulfs the fire crab.
The fire crab completely resists.
The fireball engulfs the orb of fire.
The orb of fire completely resists.
The fireball engulfs you! You resist.
You die...

..#.R2○RthD§○§#..▓▓
##h2D2☼§§☼☼###..▓▓
.#.CEDC§☼☼☼☼§#....▓▓
2..Et.C§C2§○§§......▓▓
°...hh☼t§D§§§........▓▓
t.2tRDDD☼R§§§.........▓▓
....E○2***§§§..........▓▓
*....○2§*§☼§..........∩.▓
.....§t@§Z..).........▓▓
.....§§§☼§...........▓▓
.....§☼§§§..)†......▓▓
...................▓▓
.#...........#....▓▓
##.........###..▓▓
........... ..▓▓
............. ▓▓
...........


You could see 4 orbs of fire, 2 balrugs, a fire crab (pinned) and a friendly
spectral fire crab.

Vanquished Creatures
  4 ancient liches
  Mara (Depths:2)
  13 juggernauts
  11 greater mummies
  Frederick (Vaults:5)
  8 Killer Klowns
  22 pandemonium lords
  3 shard shrikes (Zig:19)
  6 golden dragons
  7 caustic shrikes
  Nikola (Vaults:2)
  A bone dragon (Zig:19)
  3 profane servitors (Zig:13)
  2 Brimstone Fiends
  A tentacled monstrosity (Zig:11)
  2 Tzitzimimeh
  2 hellephants
  Jorgrun (Orc:2)
  An Ice Fiend (Zig:19)
  2 liches (Depths:1)
  11 deep elf blademasters
  2 quicksilver dragons (shapeshifter)
  Asterion (Vaults:1)
  8 deep elf master archers
  6 titans
  2 quicksilver dragons (Vaults:5)
  2 sphinxes (shapeshifter) (Zig:23)
  5 sphinxes
  5 thorn hunters
  3 tentacled starspawn
  6 storm dragons
  3 draconian monks (Zig:14)
  9 shadow dragons
  7 tengu reavers
  2 shadow dragons (shapeshifter) (Zig:23)
  7 nagarajas
  2 fire giants (shapeshifter) (Zig:23)
  2 revenants
  Roxanne (D:15)
  2 frost giants (shapeshifter) (Zig:17)
  An azure jelly (shapeshifter) (Zig:23)
  10 deep elf sorcerers
  4 frost giants
  2 caustic shrike zombies
  11 fire giants
  21 vault wardens
  6 orc warlords
  A curse skull (Zig:5)
  2 draconian shifters (Zig:14)
  7 ghost moths (Zig:21)
  A cacodemon (Depths:5)
  8 balrugs
  A draconian stormcaller (Zig:14)
  Aizul (Depths:1)
  14 ironheart preservers
  An emperor scorpion (Zig:21)
  2 deep elf elementalists
  A ghoul (Zig:5)
  A juggernaut skeleton (Zig:19)
  2 draconian annihilators (Zig:14)
  2 war gargoyles
  16 very ugly things
  A reaper (Zig:19)
  4 entropy weavers (Zig:21)
  A stone giant (shapeshifter) (Zig:17)
  22 stone giants
  4 vampire knights
  2 green draconians
  A corrupter (Zig:12)
  8 deep elf demonologists
  19 deep elf annihilators
  2 bennus (Zig:22)
  A dire elephant (Zig:16)
  A purple draconian (Depths:5)
  4 red draconians (Zig:14)
  3 yellow draconians (Zig:14)
  A white draconian (Depths:5)
  3 eidola
  9 ettins
  The ghost of Zeap Qut the Fighter, a journeyman OpFi of Hepliaklqana (Lair:4)
  Snorg (D:10)
  12 fire dragons
  7 spark wasps
  4 blizzard demons (Zig:19)
  10 deep elf death magi
  8 green deaths
  A quicksilver dragon zombie (Zig:22)
  12 mummy priests
  2 great orbs of eyes
  12 deep elf high priests
  15 yaktaur captains
  6 rakshasas
  39 vault guards
  4 jiangshi
  18 ice dragons
  28 hydras
  A hell beast (Zig:23)
  5 catoblepae
  5 shambling mangroves
  A spriggan air mage (Depths:2)
  4 ghost crabs
  4 naga warriors (Snake:4)
  7 centaur warriors
  6 anacondas
  3 death knights
  The ghost of Ded Zipre the Fighter, a novice MiFi of Ashenzari (D:9)
  8 ogre magi
  31 two-headed ogres
  28 dancing weapons
  8 death yaks
  The ghost of PurpleCat the Protected, a novice MiFi of Okawaru (D:8)
  8 death scarabs
  13 alligators
  2 titan zombies (Zig:22)
  5 deep troll shamans
  11 orc high priests
  6 tengu warriors
  9 deep troll earth magi
  2 spriggan berserkers
  2 vampire magi
  6 naga sharpshooters
  2 thrashing horrors (Abyss:3)
  2 soul eaters (Zig:13)
  2 wretched stars
  A shock serpent (shapeshifter) (Zig:17)
  23 deep elf knights
  8 fire crabs (Zig:26)
  3 shock serpents
  5 shadow wraiths
  A spectral elf (Zig:13)
  Nergalle (Lair:3)
  10 skeletal warriors
  4 iron trolls
  A sixfirhy (Abyss:3)
  2 iron trolls (shapeshifter)
  A salamander mystic (Depths:2)
  4 spriggan druids
  4 storm dragon skeletons
  6 flayed ghosts
  17 deep trolls
  A spatial maelstrom (Zig:12)
  4 unseen horrors
  2 glowing orange brains
  4 death drakes (Zig:20)
  3 golden dragon zombies
  A naga ritualist (Snake:4)
  8 swamp dragons
  16 wizards
  2 tengu zombies
  A phantasmal warrior (Depths:1)
  An obsidian statue (Vaults:2)
  5 necromancers
  2 lindwurms (shapeshifter)
  28 deep elf archers
  9 orc knights
  2 golden dragon skeletons
  3 harpies (shapeshifter)
  5 mana vipers
  A wolf spider (shapeshifter) (Zig:18)
  5 harpies
  Pikel (D:4)
  2 orb spiders
  3 mana vipers (shapeshifter)
  A shining eye (shapeshifter) (Depths:4)
  56 ugly things
  88 deep elf magi
  18 ironbrand convokers
  4 lindwurms (Lair:6)
  11 orc sorcerers
  An iron dragon zombie (Zig:19)
  An orb spider (shapeshifter) (D:13)
  2 salamanders (shapeshifter)
  A human zombie (Vaults:3)
  4 oklob plants
  3 tengu skeletons (Depths:4)
  9 wolf spiders
  3 manticores
  A worldbinder (Abyss:3)
  3 salamanders
  A sphinx skeleton (Zig:19)
  2 moths of wrath
  5 cyclopes
  A black mamba (shapeshifter) (Vaults:3)
  A moth of wrath (shapeshifter) (Zig:17)
  2 elephants (Zig:16)
  A dire elephant zombie (Abyss:3)
  7 vault sentinels
  2 apocalypse crabs
  22 black mambas
  2 iron dragon skeletons (Zig:19)
  3 torpor snails
  A rust devil (Depths:3)
  3 molten gargoyles (Volcano)
  2 orange demons
  3 ice statues (IceCv)
  9 large abominations
  10 naga magi
  5 spectral swamp worms (Depths:1)
  15 spiny frogs
  A smoke demon (Zig:12)
  2 eyes of devastation (shapeshifter)
  A komodo dragon (shapeshifter) (Zig:18)
  A rime drake (Lair:2)
  A spark wasp simulacrum (Depths:1)
  A yaktaur (shapeshifter) (Zig:10)
  59 yaktaurs
  A hellwing (Depths:5)
  A rime drake (shapeshifter) (Zig:17)
  11 komodo dragons
  A tormentor (Zig:19)
  An elf (Vaults:4)
  11 freezing wraiths
  5 efreet
  3 demonic crawlers (Zig:21)
  3 tengu conjurers
  24 guardian mummies
  3 ancient zymes (Abyss:3)
  6 jumping spiders (Zig:21)
  A queen bee (Lair:3)
  A spectral glowing shapeshifter (Zig:13)
  2 ice devils (Zig:19)
  2 jumping spiders (shapeshifter)
  A silent spectre (Zig:12)
  14 trolls
  2 polar bears (shapeshifter)
  A sphinx simulacrum (Vaults:2)
  7 tyrant leeches
  20 hornets
  A raiju (Abyss:3)
  19 blink frogs
  Grinder (D:5)
  15 slime creatures
  10 hippogriffs
  6 bog bodies
  3 elf zombies
  Sigmund (D:6)
  A redback (shapeshifter) (Zig:23)
  6 redbacks (Zig:21)
  32 yaks
  4 elf skeletons
  4 wyverns
  11 flying skulls
  2 vampires
  5 spriggans
  3 air elementals
  4 ynoxinuls
  A tarantella (Zig:21)
  7 wraiths
  2 shadows
  An elf simulacrum (Depths:4)
  An ettin skeleton (Vaults:3)
  A spriggan simulacrum (Zig:22)
  5 water elementals
  Grum (D:8)
  3 basilisks
  13 humans (D:14)
  A hungry ghost (D:15)
  7 ushabtiu
  3 neqoxecs (Zig:12)
  13 fire elementals
  8 vampire mosquitoes
  5 chaos spawn
  An insubstantial wisp (Zig:20)
  8 wargs
  Menkaure (D:6)
  9 swamp worms
  A naga (shapeshifter) (Depths:1)
  A soldier ant (D:15)
  A swamp worm (shapeshifter) (Depths:4)
  33 nagas
  A water moccasin (shapeshifter) (Vaults:5)
  22 water moccasins
  18 hell hounds
  50 orc warriors
  3 floating eyes
  16 porcupines
  9 swamp drakes
  16 ice beasts
  A sky beast (shapeshifter) (Zig:18)
  37 ogres
  7 sky beasts
  2 slaves (D:4)
  A black bear (shapeshifter) (Vaults:4)
  6 phantoms
  An ogre (shapeshifter) (Zig:18)
  A tengu (shapeshifter) (Depths:1)
  2 black bears
  A necrophage (D:9)
  2 eyes of draining
  12 boggarts
  6 wolves
  A snapping turtle skeleton (Abyss:3)
  16 centaurs
  9 crocodiles
  2 big kobolds
  Blork the orc (D:5)
  2 human skeletons (Vaults:3)
  17 bullfrogs
  4 earth elementals
  2 wyvern skeletons
  9 small abominations
  4 scorpions
  42 killer bees
  5 howler monkeys
  15 wights
  4 electric eels
  5 crimson imps
  A centaur zombie (D:7)
  A bullfrog zombie (D:12)
  A quasit (Abyss:3)
  9 starcursed masses (Zig:12)
  2 jellies (D:11)
  21 orc priests
  8 hounds
  32 orc wizards
  A bullfrog skeleton (D:4)
  3 iron imps (Abyss:3)
  6 centaur skeletons
  5 iguanas
  12 worker ants
  A hound zombie (D:10)
  45 mummies
  2 worker ant zombies
  12 gnolls
  17 adders
  3 shadow imps
  3 white imps (Zig:19)
  2 oozes
  An adder skeleton (D:4)
  4 worms
  2 dart slugs
  4 leopard geckos
  96 orcs
  9 bats
  7 giant cockroaches
  5 hobgoblins
  A jackal (D:11)
  5 quokkas
  4 ball pythons
  4 frilled lizards
  9 goblins
  A jackal zombie (D:5)
  7 kobolds
  A leopard gecko skeleton (D:6)
  A quokka skeleton (D:9)
  11 rats
  7 briar patches
  A bush (Lair:3)
  2 crawling corpses
  2 fire vortices (Volcano)
  A fungus (Depths:1)
  5 plants
  2 starspawn tentacles (Zig:12)
2418 creatures vanquished.

Vanquished Creatures (collateral kills)
  2 juggernauts (Zig:24)
  Boris (Depths:4)
  Bai Suzhen (Snake:4)
  Saint Roka (Depths:2)
  2 Killer Klowns
  A caustic shrike (Zig:16)
  A golden dragon (Depths:5)
  A titan (Depths:3)
  3 deep elf blademasters (Zig:25)
  3 sphinxes
  A thorn hunter (Swamp:4)
  The ghost of BubbleThief the Unseen, an adept NaVM of Vehumet (Swamp:2)
  A storm dragon (Vaults:5)
  2 shadow dragons
  4 fire giants
  An iron dragon (Depths:2)
  A draconian scorcher (Zig:14)
  2 deep elf sorcerers
  5 frost giants
  5 orc warlords
  2 vault wardens
  2 emperor scorpions (Zig:21)
  A caustic shrike zombie (Zig:19)
  3 draconian shifters
  6 ironheart preservers
  A draconian annihilator (Depths:5)
  9 very ugly things
  12 stone giants
  Azrael (Snake:1)
  A yellow draconian (Depths:5)
  A dire elephant (Zig:16)
  A purple draconian (Zig:14)
  A red draconian (Zig:14)
  A blizzard demon (Zig:19)
  A deep elf death mage (Vaults:3)
  4 ettins
  7 ogre magi
  7 yaktaur captains
  4 great orbs of eyes
  6 ice dragons
  A monstrous demonspawn (Depths:5)
  3 rakshasas
  2 ghost crabs
  15 hydras
  2 vault guards (Vaults:4)
  A naga warrior (Snake:4)
  A centaur warrior (Vaults:3)
  4 shambling mangroves
  A satyr (shapeshifter) (Zig:18)
  2 catoblepae (Lair:6)
  5 alligators
  20 two-headed ogres
  3 dancing weapons
  2 death yaks (Lair:6)
  A hell hog (Depths:5)
  7 deep troll shamans
  3 orc high priests (Zig:24)
  3 naga sharpshooters
  A vampire mage (Depths:3)
  A spriggan berserker (Depths:2)
  4 shock serpents
  5 deep troll earth magi
  10 deep elf knights
  A soul eater (Zig:13)
  3 skeletal warriors
  4 iron trolls
  A spark wasp zombie (Depths:1)
  A storm dragon skeleton (Depths:1)
  11 swamp dragons
  2 death drakes (Zig:20)
  12 deep trolls
  A death drake (shapeshifter) (Vaults:5)
  A sea snake (shapeshifter) (Zig:18)
  8 wizards
  2 deep elf archers
  A glowing orange brain (Vaults:2)
  3 orc knights
  A harpy (Vaults:3)
  2 ironbrand convokers (Vaults:1)
  A lindwurm (Lair:6)
  A necromancer (Zig:18)
  10 salamanders
  3 wolf spiders (Zig:21)
  4 orb spiders (Zig:21)
  7 ugly things
  4 cyclopes
  3 orc sorcerers
  2 oklob plants
  A large abomination (Zig:12)
  2 mana vipers (Snake:4)
  A manticore (Lair:6)
  A moth of wrath (Zig:21)
  5 black mambas
  10 deep elf magi
  An elephant (Zig:16)
  A centaur zombie (D:15)
  3 vault sentinels
  3 naga magi
  An apocalypse crab (Zig:23)
  A torpor snail (Lair:6)
  9 spiny frogs
  A freezing wraith (Vaults:4)
  A rime drake (Zig:16)
  A demonic crawler (Zig:21)
  6 komodo dragons
  17 yaktaurs
  A spriggan skeleton (Depths:1)
  A tengu conjurer (Depths:5)
  A yaktaur skeleton (Depths:1)
  8 tyrant leeches
  3 trolls
  3 jumping spiders (Zig:21)
  A dream sheep (Zig:2)
  21 hornets
  21 slime creatures
  4 blink frogs
  5 bog bodies
  A fire dragon zombie (Depths:1)
  A hippogriff (Zig:16)
  2 redbacks (Zig:21)
  3 shadows
  An ice dragon skeleton (Depths:1)
  2 tarantellas (Zig:21)
  10 spriggans
  2 fire elementals
  7 humans (D:14)
  A chaos spawn (Depths:3)
  18 yaks
  5 vampire mosquitoes
  4 swamp worms
  8 nagas
  An acid dragon (Vaults:1)
  A water moccasin (Lair:6)
  3 hell hounds
  A porcupine (Lair:5)
  A floating eye (shapeshifter) (Zig:18)
  7 swamp drakes
  4 orc warriors
  3 ice beasts (D:14)
  A sky beast (shapeshifter) (Vaults:4)
  17 ogres
  2 centaurs
  A human skeleton (Vaults:3)
  6 crocodiles
  A bullfrog (D:15)
  A small abomination (Abyss:3)
  A scorpion (D:11)
  2 wights
  5 orc wizards
  A shapeshifter simulacrum (Depths:1)
  An adder (D:12)
  A shadow imp (D:12)
  9 orcs
  2 crawling corpses
  11 fungi
578 creatures vanquished.

Vanquished Creatures (others)
  A nagaraja (Snake:4)
  2 fire giants
  A balrug (Depths:3)
  A black sun (Zig:13)
  A very ugly thing (Zig:23)
  A deep elf demonologist (Zig:25)
  A green death (Zig:20)
  A hydra (Zig:11)
  A dancing weapon (Elf:1)
  A hell hog (Depths:5)
  A thrashing horror (Zig:12)
  A deep elf knight (Elf:2)
  A deep elf archer (Zig:25)
  A phantasmal warrior (Depths:1)
  3 deep elf magi
  A tengu skeleton (Zig:19)
  An insubstantial wisp (Zig:11)
  2 ogres (Zig:24)
  A boggart (Elf:1)
  An orc priest (D:4)
  4 briar patches
  2 crawling corpses (Zig:25)
  A demonic plant (Gauntlet)
  4 fungi
  A lurking horror (Abyss:3)
  4 plants
  2 starspawn tentacles (Zig:12)
  3 toadstools (Depths:1)
  12 withered plants (Gauntlet)
57 creatures vanquished.

Grand Total: 3053 creatures vanquished

Notes
Turn   | Place    | Note
-------+----------+-------------------------------------------
     0 | D:1      | Birdy the Vine Stalker Gladiator began the quest for the
                  | Orb.
     0 | D:1      | Reached XP level 1. HP: 11/11 MP: 2/2
   108 | D:1      | Reached skill level 5 in Dodging
   108 | D:1      | Reached XP level 2. HP: 15/15 MP: 3/3
   185 | D:1      | Reached XP level 3. HP: 17/18 MP: 4/4
   709 | D:2      | Gained mutation: Your natural rate of healing is unusually
                  | fast. [Vine Stalker growth]
   709 | D:2      | Reached XP level 4. HP: 23/23 MP: 5/5
  1014 | D:3      | Gained mutation: You are weak. (Str -2) [potion of
                  | mutation]
  1014 | D:3      | Gained mutation: You have razor-sharp teeth. [potion of
                  | mutation]
  1014 | D:3      | Gained mutation: You have sharp toenails. [potion of
                  | mutation]
  1315 | D:3      | Reached XP level 5. HP: 26/26 MP: 6/6
  1842 | D:4      | Noticed a phantom
  1868 | D:4      | Killed a phantom
  1922 | D:4      | Reached XP level 6. HP: 32/32 MP: 7/7
  2091 | D:4      | Noticed a phantom
  2121 | D:4      | Killed a phantom
  2193 | D:4      | Noticed a hippogriff
  2204 | D:4      | Reached XP level 7. HP: 33/36 MP: 6/8
  2214 | D:4      | Killed a hippogriff
  2493 | D:4      | Noticed Pikel
  2510 | D:4      | Killed Pikel
  2510 | D:4      | Reached skill level 5 in Staves
  2510 | D:4      | Mutation became permanent: You have extremely sharp teeth.
                  | [Vine Stalker growth]
  2510 | D:4      | Gained mutation: You have razor-sharp teeth. [Vine Stalker
                  | growth]
  2510 | D:4      | Reached XP level 8. HP: 27/42 MP: 9/9
  2863 | D:5      | Entered Level 5 of the Dungeon
  3035 | D:5      | Reached skill level 5 in Fighting
  3124 | D:5      | Found a hide-covered altar of Uskayaw.
  3772 | D:6      | Noticed a wyvern
  3776 | D:6      | Reached XP level 9. HP: 38/47 MP: 10/10
  3821 | D:6      | Noticed Menkaure
  3832 | D:6      | Killed Menkaure
  3847 | D:6      | Noticed Blork the orc
  3911 | D:6      | Noticed Grinder
  3921 | D:5      | Killed Blork the orc
  3968 | D:5      | Killed Grinder
  3991 | D:6      | Noticed Sigmund
  3998 | D:6      | Killed Sigmund
  4287 | D:6      | Found a staircase to the Ecumenical Temple.
  4296 | Temple   | Entered the Ecumenical Temple
  4304 | Temple   | Became a worshipper of the Wu Jian Council
  4422 | D:7      | Found a sparkling altar of Nemelex Xobeh.
  4493 | D:7      | Reached XP level 10. HP: 31/53 MP: 7/11
  4668 | D:7      | Reached * piety under Wu Jian
  5518 | D:8      | Found Canettoth's Food Shoppe.
  5527 | D:8      | Noticed Grum
  5569 | D:8      | Killed Grum
  5660 | D:8      | Got a pitted scale mail
  5671 | D:8      | Identified the +4 scale mail of Supple Strength {rCorr
                  | Int+4 Dex+7} (You found it on level 8 of the Dungeon)
  5699 | D:8      | Noticed PurpleCat's ghost (novice MiFi)
  5748 | D:8      | Found a transporter.
  5752 | D:8      | Found a transporter.
  5878 | D:8      | Killed an unseen horror
  5878 | D:8      | Reached skill level 1 in Spellcasting
  5905 | D:8      | Got a pair of dazzling gloves
  5911 | D:8      | Identified the +2 pair of gloves "Hirhojuw" {rPois rN+++
                  | Str-2 Int-2} (You found it on level 8 of the Dungeon)
  5960 | D:8      | Found a staircase to the Lair.
  6100 | D:8      | Noticed a two-headed ogre
  6105 | D:8      | Killed a two-headed ogre
  6118 | D:8      | Reached ** piety under Wu Jian
  6281 | D:8      | Reached XP level 11. HP: 60/60 MP: 13/15
  6317 | D:8      | Killed PurpleCat's ghost
  6413 | D:9      | Reached skill level 5 in Armour
  6785 | D:9      | Reached *** piety under Wu Jian
  6809 | D:9      | Found a runed translucent door.
  6811 | D:9      | Noticed a deep troll earth mage
  6811 | D:9      | Noticed Ded Zipre's ghost (novice MiFi)
  6843 | D:9      | Killed a deep troll earth mage
  6855 | D:9      | Killed Ded Zipre's ghost
  7192 | Lair:1   | Entered Level 1 of the Lair of Beasts
  7775 | Lair:1   | Gained mutation: You heal very quickly. [Vine Stalker
                  | growth]
  7775 | Lair:1   | Reached XP level 12. HP: 49/65 MP: 20/20
  8127 | Lair:2   | Found a gate leading to a gauntlet.
  8134 | Gauntlet | Entered a Gauntlet
  8134 | Gauntlet | Found a transporter.
  8134 | Gauntlet | Found a transporter.
  8134 | Gauntlet | Found a transporter.
  8134 | Gauntlet | Noticed a catoblepas
  8138 | Gauntlet | Found a transporter.
  8148 | Gauntlet | Noticed a great orb of eyes
  8149 | Gauntlet | Found a transporter.
  8153 | Gauntlet | Found a transporter.
  8162 | Gauntlet | Noticed a death scarab
  8165 | Gauntlet | Noticed a death scarab
  8167 | Gauntlet | Found a transporter.
  8176 | Gauntlet | Found a transporter.
  8176 | Gauntlet | Noticed an entropy weaver
  8195 | Gauntlet | Found a transporter.
  8197 | Gauntlet | Found a transporter.
  8210 | Gauntlet | Found a transporter.
  8211 | Gauntlet | Found a transporter.
  8648 | Lair:2   | Learned a level 4 spell: Animate Dead
  8658 | Lair:2   | Reached skill level 5 in Spellcasting
  8790 | Lair:2   | Reached skill level 1 in Necromancy
  9337 | Lair:3   | Noticed Nergalle
  9349 | Lair:3   | Killed Nergalle
  9537 | Lair:3   | Reached **** piety under Wu Jian
  9683 | Lair:3   | Reached skill level 10 in Dodging
 10164 | Lair:4   | Reached skill level 10 in Staves
 10164 | Lair:4   | Reached XP level 13. HP: 62/72 MP: 18/23
 10277 | Lair:4   | Found a staircase to the Swamp.
 10357 | Lair:4   | Reached skill level 10 in Fighting
 10470 | Lair:4   | Found a runed translucent door.
 10471 | Lair:4   | Noticed Zeap Qut's ghost (journeyman OpFi)
 10491 | Lair:4   | Killed Zeap Qut's ghost
 10491 | Lair:4   | Reached skill level 5 in Necromancy
 10580 | Lair:4   | Found a staircase to the Snake Pit.
 10608 | Lair:4   | Reached ***** piety under Wu Jian
 11007 | Lair:5   | Found a staircase to the Slime Pits.
 11007 | Lair:5   | Found a viscous altar of Jiyva.
 11646 | Lair:6   | Entered Level 6 of the Lair of Beasts
 11885 | Lair:6   | Reached skill level 1 in Polearms
 11906 | Lair:6   | Reached XP level 14. HP: 74/77 MP: 25/27
 12560 | Lair:6   | Got a warped cloak
 12574 | Lair:6   | Identified the +0 cloak "Musok" {Int-2 Slay+2 SInv} (You
                  | found it on level 6 of the Lair of Beasts)
 13077 | D:10     | Entered Level 10 of the Dungeon
 13119 | D:10     | Found a staircase to the Orcish Mines.
 13245 | D:10     | Found a transporter.
 13248 | D:10     | Noticed zbzbzb's ghost (journeyman OpTm)
 13289 | D:10     | Found a transporter.
 13492 | D:10     | Found a blossoming altar of Fedhas.
 13731 | D:10     | Noticed Snorg
 13763 | D:10     | Killed Snorg
 14201 | D:11     | Reached ****** piety under Wu Jian
 14269 | D:11     | Got a pitted ruby amulet
 14545 | D:11     | Found Wof Pacw's Gadget Shop.
 14794 | D:12     | You fall into a shaft and drop 2 floors!
 14906 | D:14     | Found a shattered altar of Ashenzari.
 14934 | D:14     | Found a frozen archway.
 14956 | IceCv    | Entered an ice cave
 15280 | IceCv    | Reached XP level 15. HP: 35/83 MP: 13/29
 15347 | IceCv    | Got an encrusted dagger
 15350 | IceCv    | Identified the cursed +1 dagger of Doom {holy, Str+2} (You
                  | found it in an ice cave)
 15562 | D:14     | Reached skill level 5 in Polearms
 15704 | D:14     | Got a crude plate armour
 15717 | D:14     | Got a vibrating bronze amulet
 15780 | D:13     | Reached skill level 10 in Spellcasting
 16089 | D:13     | Got a scorched lead ring
 16331 | D:13     | Identified the +1 plate armour "Rufan" {+Inv MP+9 SInv}
                  | (You found it on level 14 of the Dungeon)
 16343 | D:13     | Identified the ring of the Blue Skies {rC+ rN+ Str+7 Dex+4}
                  | (You found it on level 13 of the Dungeon)
 17353 | Orc:1    | Entered Level 1 of the Orcish Mines
 17373 | Orc:1    | Found a roughly hewn altar of Beogh.
 17623 | Orc:1    | Found a roughly hewn altar of Beogh.
 17955 | Orc:1    | Learned a level 6 spell: Death Channel
 17993 | Orc:2    | Entered Level 2 of the Orcish Mines
 17993 | Orc:2    | Found a staircase to the Elven Halls.
 17993 | Orc:2    | Found a roughly hewn altar of Beogh.
 18019 | Orc:2    | Noticed Jorgrun
 18030 | Orc:2    | Killed Jorgrun
 18169 | Orc:2    | Found Adoed's Armour Shop.
 18205 | Orc:2    | Found a dark tunnel.
 18211 | Volcano  | Entered a volcano
 18365 | Volcano  | Got an amber-encrusted plate armour
 18381 | Volcano  | Identified the cursed +1 plate armour of Insatiable Hunger
                  | {rF+++ rN+ rCorr Int-3} (You found it in a volcano)
 18548 | Orc:2    | Found Noamean's Antique Armour Shoppe.
 18555 | Orc:2    | Found Kifeeh's Assorted Antiques.
 18556 | Orc:2    | Found Daod's General Store.
 18580 | Orc:2    | Bought a scroll of identify for 36 gold pieces
 18585 | Orc:2    | Found Guym's Mass Market.
 18655 | Orc:2    | Reached XP level 16. HP: 67/88 MP: 20/31
 18846 | Orc:2    | Identified the amulet of Luud {Inacc *Drain rPois Int+6}
                  | (You found it on level 11 of the Dungeon)
 18885 | Orc:2    | Bought the +1 helmet of the Vestibule of Hell {rN+ Regen+}
                  | for 248 gold pieces
 19416 | D:14     | Found a gate to the Vaults.
 19444 | D:14     | Learned a level 3 spell: Regeneration
 19720 | Snake:1  | Entered Level 1 of the Snake Pit
 20048 | D:15     | Entered Level 15 of the Dungeon
 20048 | D:15     | Identified Roxanne's Papyrus of Stones
 20048 | D:15     | Noticed Roxanne
 20140 | D:15     | Killed Roxanne
 20495 | D:15     | Found a portal to a secret trove of treasure.
 20887 | D:15     | You paid a toll of +5 fire dragon scales to enter a
                  | treasure trove
 20888 | Trove    | Entered a treasure trove
 20891 | Trove    | Found the +0 pair of fencer's gloves {Riposte Dex+3}
 20893 | Trove    | Got a steaming plate armour
 20901 | Trove    | Got a pair of spiked boots
 20903 | Trove    | Got a pair of spiked boots
 20944 | Trove    | Identified the +1 pair of boots "Eqoffucw" {+Fly MP+9
                  | Dex+7} (You found it in a treasure trove)
 20954 | Trove    | Identified the -6 pair of boots "Jaosihi" {Dex+4} (You
                  | found it in a treasure trove)
 20968 | Trove    | Got an encrusted buckler
 20982 | Trove    | Got a warped robe
 20993 | Trove    | Identified the +7 plate armour of Sotifuaff {Int+5} (You
                  | found it in a treasure trove)
 21003 | Trove    | Identified the +1 robe of Lifelessness {+Blink} (You found
                  | it in a treasure trove)
 21010 | Trove    | Identified the +0 buckler of Liberty {rCorr MP+9 Str+4
                  | Stlth+} (You found it in a treasure trove)
 21043 | Trove    | Got a spiked hat
 21054 | Trove    | Identified the +0 hat of Hedonism {*Corrode rC+ rN+ Str+3}
                  | (You found it in a treasure trove)
 21232 | D:15     | Reached skill level 10 in Necromancy
 21462 | D:15     | Found a staircase to the Depths.
 21849 | Swamp:1  | Entered Level 1 of the Swamp
 21870 | Swamp:1  | Identified the amulet "Ceoja" {RegenMP MR+ Dex+4} (You
                  | found it on level 14 of the Dungeon)
 22425 | Swamp:1  | Reached skill level 1 in Stealth
 22788 | Swamp:2  | Reached skill level 1 in Axes
 22852 | Swamp:2  | Found a sparkling altar of Nemelex Xobeh.
 22950 | Swamp:2  | Reached skill level 2 in Stealth
 22969 | Swamp:2  | Found a runed translucent door.
 22969 | Swamp:2  | Noticed BubbleThief's ghost (adept NaVM)
 22991 | Swamp:2  | Killed BubbleThief's ghost
 23517 | Swamp:3  | Reached skill level 3 in Stealth
 23517 | Swamp:3  | Reached XP level 17. HP: 36/94 MP: 33/33
 23993 | Swamp:3  | Reached skill level 4 in Stealth
 24151 | Swamp:4  | Entered Level 4 of the Swamp
 24297 | Swamp:4  | Reached skill level 5 in Stealth
 24338 | Swamp:4  | Got a decaying rune of Zot
 24963 | Elf:1    | Entered Level 1 of the Elven Halls
 25116 | Elf:1    | Reached skill level 6 in Stealth
 25485 | Elf:1    | Found Worgh's Magic Scroll Boutique.
 25719 | Elf:1    | Found the -2 hat of the Alchemist {rElec rPois rF+ rC+ rN+
                  | MR+ rMut rCorr}
 25729 | Elf:1    | Reached XP level 18. HP: 100/100 MP: 35/35
 25932 | Elf:2    | Found a sparkling altar of Nemelex Xobeh.
 26034 | Elf:2    | Reached skill level 7 in Stealth
 26174 | Elf:2    | Found a huge runed translucent gate.
 26174 | Elf:2    | Found a huge runed translucent gate.
 26175 | Elf:2    | Found a huge runed translucent gate.
 26176 | Elf:2    | Found a huge runed translucent gate.
 26184 | Elf:2    | Found a huge runed translucent gate.
 26224 | Elf:2    | Reached skill level 5 in Axes
 26876 | Elf:3    | Entered Level 3 of the Elven Halls
 26916 | Elf:3    | Reached skill level 8 in Stealth
 27897 | Elf:3    | Noticed a deep elf blademaster
 27904 | Elf:3    | Noticed a deep elf master archer
 27907 | Elf:3    | Noticed a deep elf blademaster
 27916 | Elf:3    | Killed a deep elf blademaster
 27916 | Elf:3    | Reached XP level 19. HP: 34/105 MP: 37/37
 27926 | Elf:3    | Reached skill level 9 in Stealth
 27961 | Elf:3    | Identified the ring "Saojiv" {rPois Str+2 Int+3}
 28006 | Elf:3    | Got an encrusted leather armour
 28007 | Elf:3    | Identified the +2 leather armour of the Hot Ocelot {rPois
                  | Dex+3} (You found it on level 3 of the Elven Halls)
 28127 | Elf:3    | Identified the Catalogue of Supportive Toxins
 28140 | Elf:3    | Identified Sif Muna's Guide on Captivating Attacks
 28251 | Elf:3    | Identified the ring of Oenomania {rElec rN+++ MR+ Dex+2
                  | Stlth-}
 28282 | Elf:3    | Identified the Grimoire of Ghastly Arcane Weapons
 28290 | Elf:3    | Got a pair of spiked boots
 28292 | Elf:3    | Identified the cursed +0 pair of boots "Quzosog" {*Slow MR+
                  | Str+2 Stlth+} (You found it on level 3 of the Elven Halls)
 28363 | Elf:3    | Identified a +2 pair of boots of running (You found it on
                  | level 3 of the Elven Halls)
 28922 | Snake:1  | Noticed Azrael
 28931 | Snake:1  | Killed Azrael
 30012 | Snake:2  | Found Byirhee's Antique Weapon Boutique.
 30020 | Snake:2  | Bought a jewelled hand axe for 328 gold pieces
 30020 | Snake:2  | Identified the +7 hand axe of Tyom {chop, *Rage +Rage +Inv
                  | Dex-5} (You bought it in a shop on level 2 of the Snake
                  | Pit)
 30523 | Snake:3  | Reached skill level 10 in Stealth
 30671 | Snake:4  | Entered Level 4 of the Snake Pit
 30956 | Snake:4  | Noticed Bai Suzhen
 30958 | Snake:4  | Reached XP level 20. HP: 101/111 MP: 38/38
 30971 | Snake:4  | Killed Bai Suzhen
 31241 | Snake:4  | Got a serpentine rune of Zot
 32146 | Vaults:1 | Entered Level 1 of the Vaults
 32392 | Vaults:1 | Reached skill level 11 in Stealth
 32446 | Vaults:1 | Found Afeklela's Magic Scroll Boutique.
 32517 | Vaults:1 | Noticed Asterion
 32528 | Vaults:1 | Killed Asterion
 32922 | Vaults:1 | Bought a scroll of teleportation for 45 gold pieces
 32922 | Vaults:1 | Bought a scroll of enchant armour for 112 gold pieces
 32922 | Vaults:1 | Bought a scroll of blinking for 112 gold pieces
 33560 | Vaults:1 | Reached skill level 10 in Axes
 33895 | Vaults:2 | Found a burning altar of Makhleb.
 34114 | Vaults:2 | Reached XP level 21. HP: 81/116 MP: 40/40
 34423 | Vaults:2 | Noticed Nikola
 34446 | Vaults:2 | Killed Nikola
 34959 | Vaults:2 | Reached skill level 10 in Armour
 35512 | Vaults:3 | Reached skill level 12 in Stealth
 35621 | Vaults:3 | Found Plog's Weapon Boutique.
 35695 | Vaults:3 | Learned a level 3 spell: Recall
 35744 | Vaults:3 | Found a staircase to the Crypt.
 35915 | Vaults:3 | Reached skill level 15 in Fighting
 36168 | Vaults:3 | Got a serpentine golden ring
 36169 | Vaults:3 | Identified the cursed ring of Xohacwy {rElec AC-2 Slay-4
                  | SInv} (You found it on level 3 of the Vaults)
 36363 | Vaults:3 | Noticed Mennas
 36613 | Vaults:4 | Cast into level 3 of the Abyss (vault warden)
 36613 | Abyss:3  | Found a corrupted altar of Lugonu.
 37154 | Vaults:4 | Escaped the Abyss
 37178 | Vaults:4 | Reached XP level 22. HP: 78/122 MP: 41/41
 37377 | Vaults:4 | Found Hixubrac's Magic Scroll Shoppe.
 37380 | Vaults:4 | Found Dehaepp's Antique Armour Shop.
 37396 | Vaults:4 | Bought a shimmering helmet for 427 gold pieces
 37396 | Vaults:4 | Identified the +2 helmet of the Lizard {MR+ Str+2} (You
                  | bought it in a shop on level 4 of the Vaults)
 37412 | Vaults:4 | Got a crude war axe
 37413 | Vaults:4 | Identified the +4 war axe of Haurueg {chaos, *Slow rF+
                  | Str+3 Int+4} (You found it on level 4 of the Vaults)
 37435 | Vaults:4 | Reached skill level 13 in Stealth
 37545 | Vaults:4 | Found Osahixt's Jewellery Shop.
 38045 | Vaults:4 | Identified a scroll of acquirement
 38051 | Vaults:4 | Got an ivory halberd
 38052 | Vaults:4 | Identified the +5 halberd of Oteyraob {elec, Dex+4} (You
                  | acquired it on level 4 of the Vaults)
 38549 | Depths:1 | Entered Level 1 of the Depths
 38650 | Depths:1 | Reached skill level 15 in Spellcasting
 38652 | Depths:1 | Found a one-way gate leading to the halls of Pandemonium.
 38789 | Depths:1 | Noticed Aizul
 38800 | Depths:1 | Killed Aizul
 38891 | Depths:1 | Reached skill level 15 in Dodging
 39126 | Depths:1 | Reached skill level 14 in Stealth
 39127 | Depths:1 | Reached XP level 23. HP: 122/127 MP: 43/43
 39400 | Depths:1 | Identified the Handbook of Dislocation and Augmentations
 39484 | Depths:1 | Identified the +2 robe "Ykopraw" {*Corrode Int+5}
 39646 | Depths:1 | Found a gateway to Hell.
 40053 | Depths:2 | Noticed Mara
 40072 | Depths:2 | Killed Mara
 40098 | Depths:2 | Found a gateway to a ziggurat.
 40268 | Depths:2 | Reached skill level 15 in Necromancy
 40366 | Depths:2 | Noticed Saint Roka
 40388 | Depths:2 | Killed Saint Roka
 40615 | Depths:2 | Upgraded the game from 0.25-a0-341-g6f074c8 to
                  | 0.25-a0-346-g140ab78
 40694 | Depths:3 | Found Huwetru's Distillery.
 40802 | Depths:3 | Found Xivyocs's Gadget Boutique.
 40906 | Depths:3 | You fall into a shaft and drop 1 floor!
 40928 | Depths:4 | Found a one-way gate to the infinite horrors of the Abyss.
 40994 | Depths:4 | Paralysed by a floating eye for 2 turns
 41235 | Depths:4 | Reached skill level 15 in Stealth
 41335 | Depths:4 | Noticed Boris
 41347 | Depths:4 | Killed Boris
 41347 | Depths:4 | Reached XP level 24. HP: 85/133 MP: 41/43
 41621 | Depths:4 | You fall into a shaft and drop 1 floor!
 41621 | Depths:5 | Entered Level 5 of the Depths
 41649 | Depths:5 | Noticed a caustic shrike
 41649 | Depths:5 | Noticed a caustic shrike
 41649 | Depths:5 | Noticed a caustic shrike
 41804 | Depths:3 | Paralysed by a floating eye for 3 turns
 41843 | Depths:3 | Found Xoruehit's Jewellery Boutique.
 42088 | Depths:3 | Found Waguir's Gadget Shop.
 42089 | Depths:3 | Found Pyurpheun's Jewellery Emporium.
 42089 | Depths:3 | Found Alihakuff's Jewellery Emporium.
 42168 | Depths:3 | Found a white marble altar of Elyvilon.
 42441 | Depths:2 | Learned a level 5 spell: Excruciating Wounds
 43563 | Depths:5 | Found a gate to the Realm of Zot.
 43716 | Depths:5 | Killed a caustic shrike
 43716 | Depths:5 | Killed a caustic shrike
 43716 | Depths:5 | Reached skill level 15 in Axes
 43717 | Depths:5 | Killed a caustic shrike
 44431 | Depths:3 | Bought a potion of brilliance for 60 gold pieces
 44431 | Depths:3 | Bought a potion of haste for 150 gold pieces
 44677 | Orc:2    | Bought a scroll of blinking for 135 gold pieces
 44770 | Elf:1    | Bought a scroll of fog for 26 gold pieces
 44770 | Elf:1    | Bought a scroll of blinking for 97 gold pieces
 44770 | Elf:1    | Bought a scroll of enchant weapon for 97 gold pieces
 44770 | Elf:1    | Bought a scroll of brand weapon for 260 gold pieces
 44770 | Elf:1    | Bought a scroll of fog for 26 gold pieces
 44770 | Elf:1    | Bought a scroll of fog for 26 gold pieces
 45117 | Vaults:4 | Bought a scroll of fog for 36 gold pieces
 45117 | Vaults:4 | Bought a scroll of magic mapping for 63 gold pieces
 45135 | Vaults:5 | Entered Level 5 of the Vaults
 45147 | Vaults:5 | Reached skill level 16 in Stealth
 45161 | Vaults:5 | Reached XP level 25. HP: 124/139 MP: 44/44
 45172 | Vaults:5 | Noticed an ancient lich
 45174 | Vaults:5 | Killed an ancient lich
 45219 | Vaults:5 | Identified the +2 trident "Naowkudu" {flame, rPois rC+}
 45317 | Vaults:5 | Identified Xen Ogeoma's Guide on Helpful Cold
 45532 | Vaults:5 | Reached skill level 1 in Charms
 45592 | Vaults:5 | Found the +3 warlock's mirror {reflect}
 45600 | Vaults:5 | Identified the Volume of Gliding Toxins
 45824 | Vaults:5 | Got a pair of steaming gloves
 45833 | Vaults:5 | Identified the cursed +0 pair of gloves "Trusted Companion"
                  | {rElec rPois Int+2} (You found it on level 5 of the Vaults)
 45859 | Vaults:5 | Noticed Frederick
 45868 | Vaults:5 | Identified the +6 mace "Ymasint" {freeze, +Rage MR++ Str+4}
 45875 | Vaults:5 | Killed Frederick
 45989 | Vaults:5 | Got a silver rune of Zot
 46093 | Vaults:5 | Got a crude bone ring
 46094 | Vaults:5 | Identified the ring of Pragmatism {Fire Slay+2 SInv} (You
                  | found it on level 5 of the Vaults)
 46240 | Vaults:5 | Got a faintly glowing leather armour
 46242 | Vaults:5 | Got a smoking plate armour
 46246 | Vaults:5 | Identified the cursed +1 plate armour "Daliriyrum" {+Blink
                  | rF- rC++ Dex-4} (You found it on level 5 of the Vaults)
 46248 | Vaults:5 | Identified the cursed +1 leather armour of Birdsong {rF-
                  | rCorr Int+6} (You found it on level 5 of the Vaults)
 46852 | Vaults:4 | Learned a level 6 spell: Deflect Missiles
 47907 | Depths:1 | Learned a level 2 spell: Swiftness
 48383 | Zig:1    | Entered Level 1 of a ziggurat
 48403 | Zig:2    | Entered Level 2 of a ziggurat
 48433 | Zig:3    | Entered Level 3 of a ziggurat
 48443 | Zig:3    | Reached skill level 1 in Shields
 48474 | Zig:4    | Entered Level 4 of a ziggurat
 48527 | Zig:5    | Entered Level 5 of a ziggurat
 48540 | Zig:5    | Reached skill level 17 in Stealth
 48602 | Zig:5    | Identified the +2 pair of boots "Ruurestra" {rPois Str+3
                  | Stlth-} (You found it on level 5 of a ziggurat)
 48726 | Zig:6    | Entered Level 6 of a ziggurat
 48732 | Zig:6    | Noticed a Killer Klown
 48737 | Zig:6    | Killed a Killer Klown
 48770 | Zig:7    | Entered Level 7 of a ziggurat
 48806 | Zig:7    | Reached skill level 5 in Charms
 48831 | Zig:7    | Got a brightly glowing quarterstaff
 48841 | Zig:7    | Identified the +8 quarterstaff of Luathrugg {elec, rC+
                  | Str-5 Int+5 SInv} (You found it on level 7 of a ziggurat)
 48847 | Zig:8    | Entered Level 8 of a ziggurat
 48851 | Zig:8    | Noticed a juggernaut
 48852 | Zig:8    | Noticed a juggernaut
 48858 | Zig:8    | Reached XP level 26. HP: 145/145 MP: 44/44
 48871 | Zig:8    | Killed a juggernaut
 48875 | Zig:8    | Killed a juggernaut
 48918 | Zig:8    | Got a brightly glowing bronze ring
 48919 | Zig:8    | Identified the ring of Zoddosiru {rF- rC+ rN+ MP+9 Dex+4}
                  | (You found it on level 8 of a ziggurat)
 48963 | Zig:9    | Entered Level 9 of a ziggurat
 49035 | Zig:9    | Reached XP level 27. HP: 94/150 MP: 44/44
 49040 | Zig:9    | Got a smoking leather armour
 49041 | Zig:9    | Identified the +3 leather armour of the Crypt {Str+2} (You
                  | found it on level 9 of a ziggurat)
 49099 | Zig:10   | Entered Level 10 of a ziggurat
 49123 | Zig:10   | Paralysed by a floating eye for 4 turns
 49124 | Zig:10   | Reached skill level 5 in Shields
 49143 | Zig:10   | Identified Sagar's Volume of Warped Conjuration
 49150 | Zig:10   | Got a twitching golden ring
 49157 | Zig:10   | Identified the ring "Ucol" {+Blink rC+ rN+ Int+4 Dex+4}
                  | (You found it on level 10 of a ziggurat)
 49184 | Zig:10   | Got a slimy dagger
 49185 | Zig:10   | Identified the +7 dagger "Ikkeat" {drain, *Corrode Dex+5}
                  | (You found it on level 10 of a ziggurat)
 49199 | Zig:11   | Entered Level 11 of a ziggurat
 49253 | Zig:11   | Got a smoking bronze amulet
 49259 | Zig:11   | Identified the amulet "Musu" {Acrobat +Blink rPois rN+
                  | Str-2} (You found it on level 11 of a ziggurat)
 49268 | Zig:11   | Got a smoking jade ring
 49269 | Zig:11   | Identified Huott's Tome of Evil Combat Magic
 49272 | Zig:11   | Got a fine quarterstaff
 49292 | Zig:11   | Identified the cursed ring "Huymn" {AC-3 Str+5} (You found
                  | it on level 11 of a ziggurat)
 49300 | Zig:12   | Entered Level 12 of a ziggurat
 49391 | Zig:12   | Identified Gioradil's Catalogue of Displaced Flight
 49424 | Zig:13   | Entered Level 13 of a ziggurat
 49439 | Zig:13   | Found the +9 scales of the Dragon King {rPois rF+ rC+ MR+}
 49573 | Zig:13   | Got a brightly glowing executioner's axe
 49579 | Zig:13   | Identified the +9 executioner's axe of Inajixta {venom,
                  | rPois MR- Str+9 Stlth+} (You found it on level 13 of a
                  | ziggurat)
 49587 | Zig:13   | Got a steaming glaive
 49626 | Zig:13   | Identified the +10 glaive of Conformity {protect, rF+ MR++
                  | Dex-3} (You found it on level 13 of a ziggurat)
 49645 | Zig:14   | Entered Level 14 of a ziggurat
 49659 | Zig:14   | Found the +0 sword of Power
 49978 | Zig:15   | Entered Level 15 of a ziggurat
 49986 | Zig:15   | Noticed a greater mummy
 49988 | Zig:15   | Noticed a greater mummy
 49989 | Zig:15   | Noticed a greater mummy
 50005 | Zig:15   | Killed a greater mummy
 50033 | Zig:15   | Killed a greater mummy
 50042 | Zig:15   | Killed a greater mummy
 50064 | Zig:15   | Got an iridescent battleaxe
 50069 | Zig:15   | Identified Sif Muna's Grimoire of Attacks
 50083 | Zig:15   | Identified the Incunabulum of the Rocks and Calling
 50089 | Zig:15   | Identified the +4 battleaxe of Undoing {vamp, rC+ Dex+3}
                  | (You found it on level 15 of a ziggurat)
 50114 | Zig:15   | Got a twisted glaive
 50120 | Zig:15   | Identified the +9 glaive of Hospitality {protect, rF+ Str+4
                  | SInv} (You found it on level 15 of a ziggurat)
 50139 | Zig:15   | Got a brightly glowing scale mail
 50140 | Zig:15   | Identified the +4 scale mail of the Foremost Ships {*Contam
                  | rF+ Int+4} (You found it on level 15 of a ziggurat)
 50170 | Zig:16   | Entered Level 16 of a ziggurat
 50267 | Zig:16   | Got a clouded granite ring
 50272 | Zig:16   | Identified the ring "Vacwec Toryn" {*Tele rPois Slay+2}
                  | (You found it on level 16 of a ziggurat)
 50296 | Zig:16   | Got a twisted plate armour
 50307 | Zig:16   | Identified the +8 plate armour of Wussuumunt {rC++ Regen+}
                  | (You found it on level 16 of a ziggurat)
 50357 | Zig:17   | Entered Level 17 of a ziggurat
 50362 | Zig:17   | Noticed Berimaf the pandemonium lord
 50363 | Zig:17   | Noticed Beomiur the pandemonium lord
 50364 | Zig:17   | Noticed Qonkad the pandemonium lord
 50365 | Zig:17   | Noticed Ulurrim the pandemonium lord
 50370 | Zig:17   | Noticed Coqis the pandemonium lord
 50370 | Zig:17   | Noticed Sulif the pandemonium lord
 50370 | Zig:17   | Noticed Kuemeq the pandemonium lord
 50370 | Zig:17   | Noticed Dadorgheuck the pandemonium lord
 50370 | Zig:17   | Noticed Utofurch the pandemonium lord
 50372 | Zig:17   | Noticed Nurom the pandemonium lord
 50372 | Zig:17   | Killed Dadorgheuck the pandemonium lord
 50372 | Zig:17   | Reached skill level 18 in Stealth
 50377 | Zig:17   | Killed Beomiur the pandemonium lord
 50381 | Zig:17   | Killed Ulurrim the pandemonium lord
 50382 | Zig:17   | Killed Kuemeq the pandemonium lord
 50387 | Zig:17   | Killed Berimaf the pandemonium lord
 50387 | Zig:17   | Killed Coqis the pandemonium lord
 50388 | Zig:17   | Killed Utofurch the pandemonium lord
 50395 | Zig:17   | Killed Nurom the pandemonium lord
 50395 | Zig:17   | Killed Qonkad the pandemonium lord
 50402 | Zig:17   | Killed Sulif the pandemonium lord
 50479 | Zig:17   | Found the +2 robe of Vines {NoPotionHeal Regen+7}
 50527 | Zig:17   | Got a pair of crude boots
 50529 | Zig:17   | Got a faintly glowing plate armour
 50546 | Zig:17   | Identified the +1 pair of boots of Foppanya {Int+4 Slay+3}
                  | (You found it on level 17 of a ziggurat)
 50567 | Zig:17   | Identified the +5 plate armour of Articulation {Int+4} (You
                  | found it on level 17 of a ziggurat)
 50584 | Zig:18   | Entered Level 18 of a ziggurat
 50592 | Zig:18   | Noticed an ancient lich
 50593 | Zig:18   | Noticed an ancient lich
 50611 | Zig:18   | Killed an ancient lich
 50617 | Zig:18   | Killed an ancient lich
 50621 | Zig:18   | Reached skill level 19 in Stealth
 50714 | Zig:18   | Lost mutation: You are weak. (Str -2) [potion of mutation]
 50714 | Zig:18   | Lost mutation: You have sharp toenails. [potion of
                  | mutation]
 50714 | Zig:18   | Gained mutation: You have a pair of small antennae on your
                  | head. [potion of mutation]
 50714 | Zig:18   | Gained mutation: Your mind is acute. (Int +2) [potion of
                  | mutation]
 50715 | Zig:18   | Lost mutation: You have a pair of small antennae on your
                  | head. [potion of mutation]
 50715 | Zig:18   | Lost mutation: Your mind is acute. (Int +2) [potion of
                  | mutation]
 50715 | Zig:18   | Gained mutation: Your flesh is cold resistant. (rC+)
                  | [potion of mutation]
 50715 | Zig:18   | Gained mutation: You have supernaturally acute eyesight.
                  | (SInv) [potion of mutation]
 50716 | Zig:18   | Lost mutation: Your flesh is cold resistant. (rC+) [potion
                  | of mutation]
 50716 | Zig:18   | Gained mutation: Your skin changes colour to match your
                  | surroundings (Stealth+). [potion of mutation]
 50716 | Zig:18   | Gained mutation: You evolve. [potion of mutation]
 50716 | Zig:18   | Gained mutation: You are agile. (Dex +2) [potion of
                  | mutation]
 50729 | Zig:19   | Entered Level 19 of a ziggurat
 50771 | Zig:19   | Reached skill level 15 in Armour
 50824 | Zig:19   | Identified the Handbook of Ensnaring Stolen Souls
 50914 | Zig:20   | Entered Level 20 of a ziggurat
 50963 | Zig:20   | Reached skill level 10 in Shields
 51007 | Zig:20   | Got an ancient bone amulet
 51008 | Zig:20   | Identified the amulet of Jyerphuem {Acrobat Int+4} (You
                  | found it on level 20 of a ziggurat)
 51013 | Zig:20   | Got an ivory scimitar
 51019 | Zig:20   | Identified the +10 scimitar of Duty {protect, rC+} (You
                  | found it on level 20 of a ziggurat)
 51024 | Zig:20   | Got a fine double sword
 51025 | Zig:20   | Identified the +8 double sword of Xiloon Nivia {freeze,
                  | Str+2 Int+6 Stlth-} (You found it on level 20 of a
                  | ziggurat)
 51028 | Zig:20   | Identified the Catalogue of Intimidation
 51044 | Zig:20   | Got a shimmering silver amulet
 51045 | Zig:20   | Identified the amulet of Opefuug {+Rage rElec rN+} (You
                  | found it on level 20 of a ziggurat)
 51059 | Zig:20   | Got a scorched emerald amulet
 51103 | Zig:21   | Entered Level 21 of a ziggurat
 51144 | Zig:21   | Reached skill level 10 in Charms
 51208 | Zig:21   | Identified Ygeoseoch's Tome of Dusty Weightlessness
 51224 | Zig:21   | Identified the amulet "Sudyr" {Inacc +Inv Str-5 SInv} (You
                  | found it on level 20 of a ziggurat)
 51250 | Zig:21   | Got an ancient great sword
 51257 | Zig:21   | Identified the +10 great sword "Nuly" {protect, rPois rF+}
                  | (You found it on level 21 of a ziggurat)
 51261 | Zig:22   | Entered Level 22 of a ziggurat
 51269 | Zig:22   | Noticed a greater mummy
 51270 | Zig:22   | Noticed a greater mummy
 51270 | Zig:22   | Noticed a greater mummy
 51272 | Zig:22   | Noticed an ancient lich
 51277 | Zig:22   | Noticed a greater mummy
 51277 | Zig:22   | Noticed a greater mummy
 51277 | Zig:22   | Noticed a greater mummy
 51277 | Zig:22   | Noticed a greater mummy
 51277 | Zig:22   | Killed a greater mummy
 51278 | Zig:22   | Killed an ancient lich
 51284 | Zig:22   | Killed a greater mummy
 51284 | Zig:22   | Killed a greater mummy
 51289 | Zig:22   | Killed a greater mummy
 51289 | Zig:22   | Killed a greater mummy
 51297 | Zig:22   | Killed a greater mummy
 51297 | Zig:22   | Reached skill level 20 in Stealth
 51298 | Zig:22   | Killed a greater mummy
 51305 | Zig:22   | Noticed a greater mummy
 51317 | Zig:22   | Killed a greater mummy
 51357 | Zig:22   | Found the +2 cloak of the Thief {+Fog Slay-2 SInv Stlth+}
 51400 | Zig:22   | Got a pair of slimy boots
 51411 | Zig:22   | Identified the +1 pair of boots of Vorgh {MR+} (You found
                  | it on level 22 of a ziggurat)
 51433 | Zig:22   | Got a shimmering brass ring
 51436 | Zig:22   | Identified the ring "Idwiny" {rCorr Int+4} (You found it on
                  | level 22 of a ziggurat)
 51468 | Zig:23   | Entered Level 23 of a ziggurat
 51475 | Zig:23   | Noticed Niengor the pandemonium lord
 51476 | Zig:23   | Noticed Nieh the pandemonium lord
 51477 | Zig:23   | Noticed Onluohesm the pandemonium lord
 51477 | Zig:23   | Noticed Zisocsari the pandemonium lord
 51477 | Zig:23   | Noticed Vuothrav the pandemonium lord
 51484 | Zig:23   | Noticed Hifuij the pandemonium lord
 51484 | Zig:23   | Noticed Cedobeih the pandemonium lord
 51484 | Zig:23   | Noticed Joxtunul the pandemonium lord
 51484 | Zig:23   | Noticed Sooniot the pandemonium lord
 51484 | Zig:23   | Noticed Horgho the pandemonium lord
 51484 | Zig:23   | Noticed Ethreurch the pandemonium lord
 51484 | Zig:23   | Noticed Toeselikk the pandemonium lord
 51489 | Zig:23   | Killed Nieh the pandemonium lord
 51493 | Zig:23   | Killed Onluohesm the pandemonium lord
 51498 | Zig:23   | Killed Cedobeih the pandemonium lord
 51498 | Zig:23   | Killed Sooniot the pandemonium lord
 51514 | Zig:23   | Killed Horgho the pandemonium lord
 51515 | Zig:23   | Killed Ethreurch the pandemonium lord
 51519 | Zig:23   | Killed Hifuij the pandemonium lord
 51519 | Zig:23   | Reached skill level 21 in Stealth
 51524 | Zig:23   | Killed Niengor the pandemonium lord
 51529 | Zig:23   | Killed Joxtunul the pandemonium lord
 51529 | Zig:23   | Killed Vuothrav the pandemonium lord
 51530 | Zig:23   | Killed Toeselikk the pandemonium lord
 51535 | Zig:23   | Killed Zisocsari the pandemonium lord
 51614 | Zig:23   | Got a smoking copper ring
 51615 | Zig:23   | Identified the cursed ring "Ybliu" {rPois rN+ Str-6 Dex+4}
                  | (You found it on level 23 of a ziggurat)
 51618 | Zig:23   | Got a coiled bronze ring
 51626 | Zig:23   | Got a vibrating lead ring
 51635 | Zig:23   | Identified the ring "Koomo" {rElec Int+4 Dex+4 Stlth+} (You
                  | found it on level 23 of a ziggurat)
 51639 | Zig:23   | Identified the cursed ring "Norchouq" {rPois MR+ EV-2} (You
                  | found it on level 23 of a ziggurat)
 51657 | Zig:23   | Got a crude robe
 51658 | Zig:23   | Identified the +1 robe of the Invisible Cities {MR+} (You
                  | found it on level 23 of a ziggurat)
 51693 | Zig:24   | Entered Level 24 of a ziggurat
 51703 | Zig:24   | Noticed a juggernaut
 51703 | Zig:24   | Noticed a juggernaut
 51703 | Zig:24   | Noticed a juggernaut
 51704 | Zig:24   | Noticed a juggernaut
 51705 | Zig:24   | Noticed a juggernaut
 51705 | Zig:24   | Noticed a juggernaut
 51705 | Zig:24   | Noticed a juggernaut
 51706 | Zig:24   | Noticed a juggernaut
 51707 | Zig:24   | Noticed a juggernaut
 51707 | Zig:24   | Noticed a juggernaut
 51707 | Zig:24   | Noticed a juggernaut
 51708 | Zig:24   | Noticed a juggernaut
 51708 | Zig:24   | Noticed a juggernaut
 51748 | Zig:24   | Killed a juggernaut
 51749 | Zig:24   | Killed a juggernaut
 51750 | Zig:24   | Killed a juggernaut
 51750 | Zig:24   | Killed a juggernaut
 51750 | Zig:24   | Killed a juggernaut
 51752 | Zig:24   | Killed a juggernaut
 51752 | Zig:24   | HP: 7/155 [orc warlord/+2 war axe of chopping (6)]
 51762 | Zig:24   | Killed a juggernaut
 51764 | Zig:24   | Killed a juggernaut
 51764 | Zig:24   | Killed a juggernaut
 51764 | Zig:24   | Reached skill level 22 in Stealth
 51765 | Zig:24   | Killed a juggernaut
 51766 | Zig:24   | Killed a juggernaut
 51772 | Zig:24   | Killed a juggernaut
 51773 | Zig:24   | Killed a juggernaut
 51915 | Zig:24   | Got a steaming chain mail
 51916 | Zig:24   | Identified the cursed +0 chain mail of Xom's Condemnation
                  | {Str+2} (You found it on level 24 of a ziggurat)
 51927 | Zig:24   | Identified the Catalogue of Earthen Creation
 51936 | Zig:24   | Got a shimmering chain mail
 51965 | Zig:24   | Identified the +0 chain mail of Ocseypnu {MR+} (You found
                  | it on level 24 of a ziggurat)
 51980 | Zig:25   | Entered Level 25 of a ziggurat
 52056 | Zig:25   | Reached skill level 23 in Stealth
 52161 | Zig:25   | Identified the Volume of the Helpful Blaze
 52195 | Zig:25   | Got a warped ivory ring
 52197 | Zig:25   | Identified the ring of Doil {Ice -Tele +Fly MR+} (You found
                  | it on level 25 of a ziggurat)
 52201 | Zig:25   | Identified Omaqiaj's Almanac of Flying Sinister Secrets
 52224 | Zig:26   | Entered Level 26 of a ziggurat
 52235 | Zig:26   | Noticed an orb of fire
 52245 | Zig:26   | Noticed an orb of fire
 52246 | Zig:26   | Noticed an orb of fire
 52255 | Zig:26   | Noticed an orb of fire
 52269 | Zig:26   | HP: 5/156 [orb of fire/fireball (6)]
 52270 | Zig:26   | Killed from afar by an orb of fire

Levels and vault maps discovered:
D:1:      dpeg_arrival_ternary, layout_basic, minmay_misc_feat_four_crosses,
          minmay_distorted
D:2:      layout_basic, serial_bayou_ford_a
D:3:      layout_basic, st_stairs_14, minmay_quadrilaterals
D:4:      layout_basic, minmay_misc_feat_secret_circle, uniq_pikel
D:5:      layout_basic, kennysheep_mini, first_ration
D:6:      layout_cave_pools, minmay_temple_entry_poolview, uniq_blork_the_orc,
          uniq_sigmund, uniq_menkaure, uniq_grinder
D:7:      layout_basic, serial_glass, glass_columns_b, glass_columns_b,
          glass_columns_a, item_on_display_a, grunt_ogre_cave,
          nemelex_lonely_heart_becter
D:8:      layout_basic, lair_entry_dummy, serial_shops, shop,
          gammafunk_ghost_hive, uniq_grum
D:9:      layout_gridville, ebering_ghost_inner_flame
D:10:     layout_roguey, david_orc_3, gammafunk_ghost_stat_death,
          dk_noncrumbling_4, tgw_fedhas, uniq_snorg
D:11:     minmay_the_grid_octo_2x2 [minmay_the_grid_octo_checkerflower,
          minmay_the_grid_octo_chip, minmay_the_grid_octo_tetromino_candy,
          minmay_the_grid_octo_prize_ultimate_mussel_roller],
          layout_irregular_city, serial_shops, nicolae_shop_behind_doors,
          chequers_serial_rivers_small_b
D:12:     layout_roguey, lightli_wizard_tower
D:13:     layout_grid_maze
D:14:     layout_basic, grunt_vaults_entry_tiered, lemuel_doored_altar,
          portal_ice_cave_entry_ice_beasts, minmay_protected_statue
D:15:     grunt_enter_depths_magical_seal, layout_loops_ring, enter_trove_2,
          uniq_roxanne
Temple:   dpeg_three_leaves_temple
Lair:1:   layout_cave_pods, beast_lair_carwin_7, lemuel_fruit_tree,
          grunt_megastairs_4
Lair:2:   layout_misc_corridors, gauntlet_entry_generic,
          eino_small_chamber_without_monster, serial_bayou_shore_a
Lair:3:   layout_roguey, special_room [special_room_bee],
          chequers_serial_rivers_small_b, minmay_lair_oklob_bushes,
          grunt_megastairs_5, infiniplex_staircase_pool, uniq_nergalle
Lair:4:   layout_misc_corridors, nicolae_swamp_entry_splash_gauntlet,
          minmay_snake_entry_six_corridors, ebering_ghost_reflecting_pool,
          grunt_megastairs_3
Lair:5:   layout_long_grid, slime_altar_1, grunt_forest_large_clearing_hut
Lair:6:   evilmike_catoblepas_cave, layout_regular_city, minmay_lindwurm_lava,
          serial_bayou_shore_b, minmay_lair_oklob_chamber
Swamp:1:  layout_basic_swamp, nicolae_swamp_very_dense_foliage
Swamp:2:  layout_basic_swamp, ebering_ghost_inner_flame,
          evilmike_swamp_ruin_rubble_2, swamp_pool2, nicolae_swamp_treefoil,
          nicolae_swamp_godswood
Swamp:3:  layout_basic_swamp, hangedman_swamp_ruin_wall, swamp_pool1
Swamp:4:  swamp, layout_basic_swamp, swamp_pool2
Snake:1:  layout_misc_corridors, serial_bayou_lagoon_a, uniq_azrael
Snake:2:  layout_grid_maze, serial_shops,
          nicolae_shop_temple_entry_statues_fountains, grunt_megastairs_2
Snake:3:  layout_cave_shapes
Snake:4:  minmay_snake_end_coiled, layout_cave_town, uniq_bai_suzhen
Orc:1:    nicolae_orc_accident_2, layout_diamond_mine, basic_altar
Orc:2:    st_orc_open, layout_caves, basic_altar, enter_volcano_3,
          minmay_shop_mass, uniq_jorgrun
Elf:1:    layout_loops_cross, serial_shops, nicolae_shop_stone,
          hangedman_elf_disciples, grunt_ministairs_7
Elf:2:    layout_geoelf_diagonals, grunt_ministairs_5, nemelex_altar_shiori
Elf:3:    minmay_elf_hall_spiked, layout_geoelf_octagon,
          hangedman_corner_corridor
Vaults:1: dpeg_vaults_pockets_of_resistance, ontoclasm_vaults_pinch,
          nicolae_vaults_shelves_hall, nicolae_vaults_diagonal_hallway_6,
          dpeg_vaults_monster_box, nicolae_vaults_alarming, vaults_room_grid,
          layout_vaults_omnigrid, serial_shops,
          nicolae_shop_temple_entry_statues_fountains, uniq_asterion
Vaults:2: ontoclasm_vaults_ligature, nicolae_vaults_statue_guard, v_rooms_2,
          hangedman_vaults_river_flow, hangedman_vaults_restitches,
          ontoclasm_vaults_hangar, nicolae_vaults_mini_display_case,
          nicolae_vaults_gold_heap, vaults_standard_mumra_x,
          layout_vaults_chaotic_city, basic_altar, uniq_nikola
Vaults:3: blue_anna_dwarven_crypt, nicolae_vaults_little_squares_5,
          nicolae_vaults_yaktaur_gun_rack, ontoclasm_vaults_echo,
          nicolae_vaults_ring_of_whatevers, nicolae_vaults_little_squares_4,
          ontoclasm_vaults_ring_square, hangedman_vaults_nails,
          vaults_mumra_lcd, v_misc_12, vaults_room_hallway, layout_vaults_maze,
          serial_shops, shop, uniq_mennas
Vaults:4: vaults_room_semicircle, ontoclasm_vaults_loading_screen, v_misc_14,
          hangedman_vaults_cutoff, v_rooms_3, nicolae_vaults_theta,
          hangedman_vaults_nails, hangedman_vaults_capsules,
          nicolae_vaults_windows_and_doors_thing, v_misc_11,
          hangedman_vaults_stretched_pinwheel, nicolae_vaults_holding_cells,
          layout_vaults_ring, serial_shops,
          nicolae_shop_temple_entry_statues_fountains, shop, shop
Vaults:5: uniq_frederick
Depths:1: grunt_twisty_corner, layout_twisted_cross, serial_glass,
          glass_columns_b, glass_columns_a, glass_columns_c, glass_columns_a,
          glass_columns_b, glass_columns_a, pan_entry, pf_hell_entry_tar_river,
          minivault_22, minmay_gold_behind_fungi, minmay_misc_feat_diagonals,
          grunt_ministairs_3, lemuel_flamethrower_3, uniq_aizul
Depths:2: minmay_inner_zag, layout_cave_pools, enter_ziggurat_e,
          hangedman_geh_valley, infiniplex_staircase_star, uniq_saint_roka,
          uniq_mara
Depths:3: minmay_skeletal_surprise, layout_basic, lemuel_statue_altar,
          serial_shops, shop, shop, shop, grunt_hell_entry_dis_mu,
          rand_demon_pan_entry_1, minmay_misc_feat_pillars,
          infiniplex_staircase_pillars_3a, minmay_shop_grove
Depths:4: minmay_tri_stars, layout_gridlike, serial_sigils_hangedman_clutch,
          pf_coc_iceberg, hangedman_abyss_entry_splay,
          infiniplex_staircase_river, uniq_boris
Depths:5: evilmike_zot_entry_hall, layout_cave_pools, hangedman_decor_slide_cut,
          grunt_hell_horde, rand_demon_pan_entry_7, abyss_entry
Zig:26

Skill      XL: |  1  2  3  4  5  6  7  8  9 10 11 12 13 14 15 16 17 18 19 20 21 22 23 24 25 26 27 |
---------------+----------------------------------------------------------------------------------+-----
Armour         | 4 5 6 7 8 9 10 11 16 | 16.6
Dodging        | 5 6 7 8 9 10 11 12 13 14 15 16 18 | 18.0
Fighting       | 2 3 4 5 6 7 8 9 10 11 12 13 14 15 16 17 20 | 20.0
Staves         | 3 5 7 8 9 10 | 10.6
Spellcasting   | 2 4 6 8 9 10 11 12 13 14 15 16 17 | 17.3
Necromancy     | 4 6 8 9 10 11 12 13 14 15 16 | 16.3
Polearms       | 1 4 6 7 |  7.7
Stealth        | 3 6 8 10 11 12 14 15 16 17 23 | 23.2
Axes           | 1 4 6 8 10 11 13 14 15 16 21 | 21.9
Charms         | 5 6 14 | 14.1
Shields        | 2 4 12 | 12.8
Throwing       | |  1.7

Action                   |  1- 3 |  4- 6 |  7- 9 | 10-12 | 13-15 | 16-18 | 19-21 | 22-24 | 25-27 || total
-------------------------+-------+-------+-------+-------+-------+-------+-------+-------+-------++-------
Melee: Quarterstaff      |    69 |   136 |    53 |    10 |       |       |       |       |       ||   268
       Bite              |    16 |    48 |    83 |   368 |   598 |   583 |   702 |   818 |   895 ||  4111
       Kick              |       |    39 |    87 |   388 |   128 |       |       |       |       ||   642
       Whip              |       |       |   231 |   847 |   376 |       |       |       |       ||  1454
       Bardiche          |       |       |       |       |   941 |   282 |       |       |       ||  1223
       Battleaxe         |       |       |       |       |       |   544 |   954 |  1065 |   246 ||  2809
       Triple sword      |       |       |       |       |       |     3 |       |       |       ||     3
       Halberd           |       |       |       |       |       |       |       |    17 |       ||    17
       Broad axe         |       |       |       |       |       |       |       |       |  1450 ||  1450
Throw: Javelin           |       |       |     4 |       |       |       |       |       |       ||     4
 Cast: Animate Dead      |       |       |       |       |    66 |    96 |    89 |    84 |    45 ||   380
       Death Channel     |       |       |       |       |     3 |    53 |    59 |    47 |    34 ||   196
       Regeneration      |       |       |       |       |       |    34 |    43 |    39 |    26 ||   142
       Excruciating Woun |       |       |       |       |       |       |       |     4 |     2 ||     6
       Recall            |       |       |       |       |       |       |       |     1 |     1 ||     2
       Deflect Missiles  |       |       |       |       |       |       |       |       |     4 ||     4
Invok: Lunge             |       |       |     4 |    40 |   120 |   123 |   232 |   211 |   297 ||  1027
       Whirlwind         |       |       |       |    19 |   366 |   214 |   318 |   364 |   896 ||  2177
       Serpent's Lash    |       |       |       |       |       |     1 |     8 |     2 |    26 ||    37
       Heavenly Storm    |       |       |       |       |       |     1 |     3 |     2 |    12 ||    18
 Abil: Evoke Flight      |       |     1 |       |       |       |     9 |       |     1 |       ||    11
       Wall Jump         |       |       |       |       |    15 |    11 |    11 |     5 |     4 ||    46
Evoke: Wand              |       |       |       |       |     5 |     1 |       |     6 |     1 ||    13
       Phantom mirror    |       |       |       |       |       |       |     2 |     2 |       ||     4
  Use: Potion            |     4 |     5 |     2 |     4 |    10 |     2 |     9 |     7 |    29 ||    72
       Scroll            |     2 |     2 |     4 |     9 |    14 |    15 |    11 |    19 |    58 ||   134
 Stab: Sleeping          |       |     2 |       |     2 |     1 |    16 |    26 |    23 |    11 ||    81
       Invisible         |       |       |     2 |     6 |       |       |       |       |    74 ||    82
       Distracted        |       |       |       |       |    12 |    52 |    55 |    75 |    82 ||   276
       Petrifying        |       |       |       |       |       |       |       |       |     4 ||     4
       Petrified         |       |       |       |       |       |       |       |       |     3 ||     3
       Fleeing           |       |       |       |       |       |       |       |       |     4 ||     4
  Eat: Chunk             |       |     4 |     7 |    16 |    14 |    24 |    20 |    29 |    22 ||   136
       Ration            |       |       |       |     1 |     9 |    15 |    15 |     7 |     6 ||    53
Armor: Leather armour    |    19 |    11 |    31 |    10 |       |       |       |       |       ||    71
       Scale mail        |       |       |       |   145 |   346 |   186 |    98 |   157 |    74 ||  1006
       Robe              |       |       |       |       |       |       |       |       |    37 ||    37
Dodge: Dodged            |    73 |   129 |   225 |   693 |  1615 |  1123 |   937 |  1133 |  1141 ||  7069
       Deflected         |       |       |       |       |       |       |       |       |    23 ||    23
Block: Buckler           |       |       |       |       |       |       |       |       |   687 ||   687
       Reflection        |       |       |       |       |       |       |       |       |    68 ||    68
       Rpst.: Bardiche   |       |       |       |       |       |    14 |       |       |       ||    14
       Battleaxe         |       |       |       |       |       |   148 |   177 |   204 |    34 ||   563
       Triple sword      |       |       |       |       |       |     1 |       |       |       ||     1
       Halberd           |       |       |       |       |       |       |       |     3 |       ||     3
       Broad axe         |       |       |       |       |       |       |       |       |   157 ||   157

Table legend:
 A = Non-vault XP
 B = Vault XP
 C = Vault XP percentage of total XP
 D = Non-vault monster count
 E = Vault monster count
 F = Vault count percentage of total count
                 A         B        C        D         E       F
            +---------+---------+-------+---------+---------+-------
      Total | 1491386 |  535332 |  26.4 |    2203 |     775 |  26.0
            +---------+---------+-------+---------+---------+-------
        D:1 |      35 |       7 |  16.7 |      21 |       3 |  12.5
        D:2 |      85 |       0 |   0.0 |      21 |       0 |   0.0
        D:3 |      33 |       7 |  17.5 |       9 |       5 |  35.7
        D:4 |     848 |     586 |  40.9 |      26 |       1 |   3.7
        D:5 |     732 |     353 |  32.5 |      29 |       2 |   6.5
        D:6 |     948 |     396 |  29.5 |      19 |       2 |   9.5
        D:7 |    1904 |     118 |   5.8 |      35 |       1 |   2.8
        D:8 |    2694 |    1630 |  37.7 |      28 |       9 |  24.3
        D:9 |    1732 |    1780 |  50.7 |      36 |       2 |   5.3
       D:10 |    2541 |    1938 |  43.3 |      18 |       9 |  33.3
       D:11 |    2293 |    5870 |  71.9 |      20 |      18 |  47.4
       D:12 |    3202 |     697 |  17.9 |      31 |       2 |   6.1
       D:13 |    8371 |       0 |   0.0 |      39 |       0 |   0.0
       D:14 |   10804 |    7249 |  40.2 |      43 |      33 |  43.4
       D:15 |   14918 |    9011 |  37.7 |      39 |      13 |  25.0
     Lair:1 |    2303 |    2242 |  49.3 |      11 |      15 |  57.7
     Lair:2 |    3886 |       0 |   0.0 |      16 |       0 |   0.0
     Lair:3 |    4076 |    4608 |  53.1 |      17 |      33 |  66.0
     Lair:4 |    7870 |    4069 |  34.1 |      19 |      26 |  57.8
     Lair:5 |    4996 |     724 |  12.7 |      13 |       3 |  18.8
     Lair:6 |    6336 |   12524 |  66.4 |      27 |      32 |  54.2
    Swamp:1 |    5813 |       0 |   0.0 |      17 |       0 |   0.0
    Swamp:2 |   10438 |    1556 |  13.0 |      34 |       1 |   2.9
    Swamp:3 |   15979 |       0 |   0.0 |      44 |       0 |   0.0
    Swamp:4 |   11569 |   16684 |  59.1 |      34 |      28 |  45.2
    Snake:1 |    5584 |    1684 |  23.2 |      15 |       6 |  28.6
    Snake:2 |   10174 |    2154 |  17.5 |      23 |       4 |  14.8
    Snake:3 |    7841 |       0 |   0.0 |      11 |       0 |   0.0
    Snake:4 |   14853 |   24864 |  62.6 |      36 |      43 |  54.4
      Orc:1 |    1676 |     468 |  21.8 |      24 |       5 |  17.2
      Orc:2 |    2825 |   14760 |  83.9 |      41 |      41 |  50.0
      Elf:1 |   15705 |    6045 |  27.8 |      27 |       9 |  25.0
      Elf:2 |   15845 |   21406 |  57.5 |      26 |      29 |  52.7
      Elf:3 |   21616 |   49445 |  69.6 |      37 |      41 |  52.6
   Vaults:1 |   29059 |   27427 |  48.6 |      53 |      30 |  36.1
   Vaults:2 |   26828 |   15806 |  37.1 |      47 |      18 |  27.7
   Vaults:3 |   36714 |   12164 |  24.9 |      59 |      15 |  20.3
   Vaults:4 |   30636 |   30239 |  49.7 |      45 |      34 |  43.0
   Vaults:5 |   22476 |  119769 |  84.2 |      35 |      83 |  70.3
   Depths:1 |   31617 |   68772 |  68.5 |      52 |      88 |  62.9
   Depths:2 |   25653 |   15987 |  38.4 |      43 |      17 |  28.3
   Depths:3 |   26595 |    2331 |   8.1 |      47 |       5 |   9.6
   Depths:4 |   28073 |   20086 |  41.7 |      50 |      24 |  32.4
   Depths:5 |   40667 |   23453 |  36.6 |      33 |      23 |  41.1
    Abyss:3 |   18356 |       0 |   0.0 |      38 |       0 |   0.0
      Zig:1 |     405 |       0 |   0.0 |       2 |       0 |   0.0
      Zig:2 |    4657 |       0 |   0.0 |       2 |       0 |   0.0
      Zig:3 |    2416 |       0 |   0.0 |       5 |       0 |   0.0
      Zig:4 |    2776 |       0 |   0.0 |       9 |       0 |   0.0
      Zig:5 |    7695 |       0 |   0.0 |       6 |       0 |   0.0
      Zig:6 |    8853 |       0 |   0.0 |       6 |       0 |   0.0
      Zig:7 |    6331 |       0 |   0.0 |      12 |       0 |   0.0
      Zig:8 |   19126 |       0 |   0.0 |      18 |       0 |   0.0
      Zig:9 |    9412 |       0 |   0.0 |      20 |       0 |   0.0
     Zig:10 |   14161 |       0 |   0.0 |      15 |       0 |   0.0
     Zig:11 |   10822 |       0 |   0.0 |      24 |       0 |   0.0
     Zig:12 |   18720 |       0 |   0.0 |      31 |       0 |   0.0
     Zig:13 |   30429 |       0 |   0.0 |      19 |       0 |   0.0
     Zig:14 |   29575 |       0 |   0.0 |      21 |       0 |   0.0
     Zig:15 |   33575 |       0 |   0.0 |      50 |       0 |   0.0
     Zig:16 |   29627 |       0 |   0.0 |      41 |       0 |   0.0
     Zig:17 |   83818 |       0 |   0.0 |      27 |       0 |   0.0
     Zig:18 |   47588 |       0 |   0.0 |      37 |       0 |   0.0
     Zig:19 |   34315 |       0 |   0.0 |      43 |       0 |   0.0
     Zig:20 |   42898 |       0 |   0.0 |      62 |       0 |   0.0
     Zig:21 |   35784 |       0 |   0.0 |      62 |       0 |   0.0
     Zig:22 |   88131 |       0 |   0.0 |      83 |       0 |   0.0
     Zig:23 |  163269 |       0 |   0.0 |      41 |       0 |   0.0
     Zig:24 |  120394 |       0 |   0.0 |      68 |       0 |   0.0
     Zig:25 |   76559 |       0 |   0.0 |      67 |       0 |   0.0
     Zig:26 |   32851 |       0 |   0.0 |      44 |       0 |   0.0
      IceCv |       0 |    3272 | 100.0 |       0 |      11 | 100.0
    Volcano |       0 |    3151 | 100.0 |       0 |      11 | 100.0
            +---------+---------+-------+---------+---------+-------
